 Dungeon Crawl Stone Soup version 0.27-a0-1196-g3e9cee4 (webtiles) character file.

Game seed: 16023039981903290021

76 Meow the Stinger (level 4, 31/36 HPs)
             Began as a Naga Venom Mage on May 29, 2021.
             Quit the game on level 2 of the Dungeon.
             The game lasted 00:04:20 (1417 turns).

Meow the Stinger (Naga Venom Mage)                  Turns: 1417, Time: 00:04:21

Health: 31/36      AC:  2    Str: 11    XL:     4   Next: 32%
Magic:  2/8        EV:  9    Int: 16    God:
Gold:   88         SH:  0    Dex: 11    Spells: 2/9 levels left

rFire    . . .     SeeInvis +   a - +0 hunting sling
rCold    . . .     Faith    .   (no shield)
rNeg     . . .     Spirit   .   c - +0 robe
rPois    +         Reflect  .   (no helmet)
rElec    .         Harm     .   (no cloak)
rCorr    .         Rampage  .   (no gloves)
Will     .....                  (no barding)
Stlth    ++........             (no amulet)
HPRegen  0.12/turn              (no ring)
MPRegen  0.11/turn              (no ring)

@: very slow
A: AC +1, large, see invisible, deformed body, poison resistance, slowness 2,
spit poison 1, naga tail 1
a: Spit Poison


You were on level 2 of the Dungeon.
You visited 1 branch of the dungeon, and saw 2 of its levels.

You collected 88 gold pieces.

Inventory:

Hand Weapons
 a - a +0 hunting sling (weapon)
 b - a +0 short sword
Missiles
 e - 19 bolts
 f - 5 sling bullets (quivered ammo)
 h - 73 stones
 k - 8 poisoned darts
Armour
 c - a +0 robe (worn)
Wands
 m - a wand of acid (8)
Scrolls
 d - a scroll of identify {unknown}
 i - a scroll of amnesia {unknown}
 n - a scroll of brand weapon {unknown}
Potions
 g - a potion of haste {unknown}
 j - a potion of invisibility {unknown}
 l - a potion of mutation {unknown}
 o - 2 potions of flight {unknown}


   Skills:
 - Level 1.5 Dodging
 - Level 3.0 Stealth
 + Level 3.2 Spellcasting
 + Level 2.5 Conjurations
 - Level 1.0 Transmutations
 - Level 4.0 Poison Magic


You had 2 spell levels left.
You knew the following spells:

 Your Spells              Type           Power      Damage    Failure   Level
a - Sting                 Tmut/Pois      40%        1d5       7%          1
c - Mephitic Cloud        Conj/Pois/Air  9%         N/A       22%         3
C - Ignite Poison         Fire/Tmut/Pois 7%         N/A       28%         3

Your spell library contained the following spells:

 Spells                   Type           Power      Damage    Failure   Level
 Poisonous Vapours        Pois/Air       18%        N/A       12%         2
 Olgreb's Toxic Radiance  Pois           15%        N/A       34%         4


Dungeon Overview and Level Annotations

Branches:
Dungeon (2/15)

Altars:

Shops:
D:1 *


Innate Abilities, Weirdness & Mutations

Your serpentine skin is tough. (AC +1)
You have supernaturally acute eyesight. (SInv)
Armour fits poorly on your strangely shaped body.
Your system is resistant to poisons. (rPois)
You cover ground very slowly.
You can spit poison.
You have a snake-like lower body.


Message History

Aiming: Mephitic Cloud (quite dangerous; 24% risk of failure)
Press: ? - help, Shift-Dir - straight line The ball explodes into a vile cloud!
The stinking cloud engulfs Natasha but does no damage.
Natasha is engulfed in noxious fumes.
Natasha appears confused.
Natasha is engulfed in noxious fumes.
Natasha appears confused.
Unknown command.
Press: ? - help, Shift-Dir - straight line, f - Natasha
Aim: Natasha, carrying a wand of flame (16) (noxious fumes, lightly wounded, confused)
The splash of poison hits Natasha!
Natasha is severely wounded.
Natasha is engulfed in noxious fumes.
Natasha appears confused.
Unknown command.
Fire: 6 sling bullets
Press: ? - help, Q - select action, (/) - cycle Shift-Dir - straight line, f/p - Natasha
Aim: Natasha, carrying a wand of flame (16) (noxious fumes, severely wounded, confused, 71% to hit)
You shoot a sling bullet. The sling bullet hits Natasha.
Natasha is severely wounded.
Natasha is engulfed in noxious fumes.
Natasha appears confused.
Casting: Mephitic Cloud (quite dangerous; 24% risk of failure)
Confirm with . or Enter, or press ? or * to list all spells.
Aiming: Sting (safe; 7% risk of failure)
Press: ? - help, Shift-Dir - straight line, f/p - Natasha
Aim: Natasha, carrying a wand of flame (16) (noxious fumes, severely wounded, confused, 86% to hit)
The sting hits Natasha but does no damage.
Natasha is poisoned.
Natasha is severely wounded.
Natasha is engulfed in noxious fumes. x2
Casting: Sting (safe; 7% risk of failure)
Confirm with . or Enter, or press ? or * to list all spells.
Aiming: Sting (safe; 7% risk of failure)
Press: ? - help, Shift-Dir - straight line, f/p - Natasha
Aim: Natasha, carrying a wand of flame (16) (almost dead, confused, poisoned, 86% to hit)
The sting hits Natasha.
Natasha looks even sicker.
You kill Natasha!
Natasha screams in fury as she dies!
You have got your breath back.
You have reached level 4!
You feel stronger.
Are you sure you want to abandon this character and quit the game? (Confirm with "yes".)

.# ).. #.# .# .h. #.# .# #.#
#.# .. #.# #.# .# # #.#
####.####### .##.## ##'##
#..........# ..w..#
#####...####.#......#.## <#
#.......†##..#.###..#..#
................@.............#
.#############.#############..#
.#...........#.# #..#
.#.####.####.#.# #..# .#....#.#
#.# #..# .####.#.# #.#
#.#.####.## ......#.# ...
#.#......#
#######.#############.######.#
.............................#


There were no monsters in sight!

Vanquished Creatures
  Natasha (D:2)
  An adder (D:2)
  2 worms (D:2)
  6 endoplasms
  A giant cockroach (D:1)
  4 goblins (D:1)
  A hobgoblin (D:2)
  5 jackals
  2 kobolds (D:1)
  A quokka (D:1)
  5 ball pythons
  2 bats (D:1)
  3 rats (D:1)
34 creatures vanquished.

Notes
Turn   | Place    | Note
-------+----------+-------------------------------------------
     0 | D:1      | Meow the Naga Venom Mage began the quest for the Orb.
     0 | D:1      | Reached XP level 1. HP: 15/15 MP: 3/3
   200 | D:1      | Reached skill level 1 in Conjurations
   200 | D:1      | Reached XP level 2. HP: 22/22 MP: 5/5
   582 | D:1      | Reached XP level 3. HP: 26/28 MP: 2/6
   586 | D:1      | Learned a level 3 spell: Ignite Poison
   590 | D:1      | Learned a level 3 spell: Mephitic Cloud
   650 | D:1      | Found Fuonn's Assorted Antiques.
  1408 | D:2      | Noticed Natasha
  1416 | D:2      | Killed Natasha
  1417 | D:2      | Reached XP level 4. HP: 31/36 MP: 2/8
  1417 | D:2      | Quit the game

Illustrated notes

Levels and vault maps discovered:
D:1:      minmay_arrival_wavy_path, layout_basic, serial_shops, shop_fountains
D:2:      layout_loops_corners, chequers_ecumenical_altar_twisty, minivault_14,
          roderic_lattice_a, grunt_ministairs_2, uniq_natasha

Skill      XL: |  1  2  3 |
---------------+----------+-----
Conjurations   | 1 2 |  2.5
Spellcasting   | 3 |  3.2
Dodging        | |  1.5
Stealth        | |  3.0
Transmutations | |  1.0
Poison Magic   | |  4.0

Action                   |  1- 3 |  4- 6 || total
-------------------------+-------+-------++-------
 Fire: Hunting sling     |    25 |       ||    25
 Cast: Sting             |    18 |       ||    18
       Mephitic Cloud    |     1 |       ||     1
 Abil: Spit Poison       |    28 |       ||    28
Armor: Robe              |     3 |       ||     3
Dodge: Dodged            |     7 |       ||     7

Table legend: (Time is in decaauts)
 A = Elapsed time spent in this place.
 B = Non-inter-level travel time spent in this place.
 C = Inter-level travel time spent in this place.
 D = Time resting spent in this place.
 E = Time spent auto-exploring this place.
 F = Levels seen in this place.
 G = Mean time per level.
                   A        B        C        D        E       F      G
               +--------+--------+--------+--------+--------+-----+--------+
         Total |   1820 |   1693 |    127 |    267 |   1200 |   2 |  910.0 |
       Dungeon |   1820 |   1693 |    127 |    267 |   1200 |   2 |  910.0 |
               +--------+--------+--------+--------+--------+-----+--------+

Top non-repeatable levels by time:
     D:1: 1317 daAuts
     D:2: 503 daAuts
